 Dungeon Crawl Stone Soup version 0.28.0-53-g5a82cb258f (webtiles) character file.

Game seed: 1043973478056067161

3420 Infinimo the Basher (level 10, -9/64 HPs)
             Began as a Gargoyle Berserker on June 16, 2022.
             Was a Priest of Trog.
             Killed from afar by a gargoyle (22 damage)
             ... with a stone arrow
             ... on level 6 of the Dungeon.
             The game lasted 00:08:33 (8221 turns).

Infinimo the Basher (Gargoyle Berserker)            Turns: 8221, Time: 00:08:33

Health: -9/64      AC: 21    Str: 25    XL:     10   Next: 5%
Magic:  10/10      EV:  9    Int:  8    God:    Trog [***...]
Gold:   160        SH:  0    Dex:  9    Spells: 9/9 levels left

rFire   . . .      SeeInvis .   a - +0 mace
rCold   . . .      Faith    .   (no shield)
rNeg    + . .      Spirit   .   d - +0 chain mail
rPois   ∞          Reflect  .   j - +2 helmet
rElec   +          Harm     .   (no cloak)
rCorr   .          Rampage  .   (no gloves)
Will    .....                   (no boots)
Stlth   ..........              (no amulet)
HPRegen 0.20/turn               (no ring)
MPRegen 0.12/turn               (no ring)

@: on berserk cooldown, hasted, very quick
A: sickness immunity, AC +7, negative energy resistance 1, electricity
resistance, torment resistance 1, petrification resistance
a: Renounce Religion, Berserk, Trog's Hand


You were on level 6 of the Dungeon.
You worshipped Trog.
Trog was most pleased with you.
You visited 1 branch of the dungeon, and saw 6 of its levels.
You also visited: Sewer.

You collected 340 gold pieces.
You spent 180 gold pieces at shops.

Inventory:

Hand Weapons
 a - a +0 mace (weapon)
Armour
 d - a +0 chain mail (worn)
 j - a +2 helmet (worn)
Jewellery
 f - a ring of resist corrosion
 r - the ring of the Archfiend {rCorr Int+2 Stlth+}
   (You found it on level 3 of the Dungeon)

   [ring of resist corrosion]

   Int:       It affects your intelligence (+2).
   rCorr:     It protects you from acid and corrosion.
   Stlth:     It makes you more stealthy.
 t - a ring of protection from fire
 w - a +4 ring of protection
 x - an amulet of reflection
Wands
 h - a wand of digging (4)
 A - a wand of iceblast (3)
Scrolls
 b - a scroll of teleportation
 l - 5 scrolls of identify
 m - a scroll of torment {unknown}
 n - a scroll of brand weapon {unknown}
 o - 3 scrolls of fear {unknown}
 y - a scroll of enchant armour {unknown}
 C - a scroll of silence {unknown}
 D - a scroll of magic mapping {unknown}
Potions
 e - 2 potions of curing
 g - 2 potions of brilliance {unknown}
 i - a potion of cancellation {unknown}
 k - 3 potions of lignification {unknown}
 p - 5 potions of flight
 q - 4 potions of ambrosia {unknown}
 s - 3 potions of mutation {unknown}
 u - a potion of heal wounds {unknown}
 v - a potion of might {unknown}
 z - a potion of magic {unknown}
 B - a potion of invisibility {unknown}


   Skills:
 + Level 8.3 Fighting
 * Level 10.4 Maces & Flails
 + Level 7.9 Armour
 - Level 1.5 Dodging


You had 9 spell levels left.
You didn't know any spells.
Your spell library was empty.

Dungeon Overview and Level Annotations

Branches:
Dungeon (6/15)             Temple (0/1) D:5           Sewer (visited)

Altars:
Hepliaklqana
Zin

Annotations:
D:6 2 runed translucent doors


Innate Abilities, Weirdness & Mutations

You are immune to sickness and miasma.
Your stone body is resilient. (AC +7)
You are immune to poison.
You resist negative energy. (rN+)
You are resistant to electric shocks. (rElec)
You are resistant to unholy torment.
You are immune to petrification.


Message History

You destroy the centaur skeleton!
Trog accepts your kill.
No target in view!
A gargoyle comes into view. It is wielding a +0 mace.
A gargoyle is nearby!
The gargoyle hurls a stone arrow at you.
The stone arrow misses you.
You sock the gargoyle!
The gargoyle is moderately damaged.
The gargoyle hits you with a +0 mace!
You hit the gargoyle but do no damage.
The gargoyle is moderately damaged.
The gargoyle hits you with a +0 mace!
The gargoyle hurls a stone arrow at you.
The stone arrow misses you.
You barely miss the gargoyle.
The gargoyle is moderately damaged.
The gargoyle hits you with a +0 mace.
You hit the gargoyle but do no damage.
The gargoyle is moderately damaged.
The gargoyle closely misses you.
You sock the gargoyle!
The gargoyle is heavily damaged.
The gargoyle hits you with a +0 mace!! The gargoyle hits you with a +0 mace!
* * * LOW HITPOINT WARNING * * *
You are too injured to fight recklessly!
You are too injured to fight recklessly!
You are too injured to fight recklessly!
You are too injured to fight recklessly!
Okay, then.
You feel yourself speed up.
The gargoyle hurls a stone arrow at you.
The stone arrow hits you!
* * * LOW HITPOINT WARNING * * *
You feel better. The gargoyle hits you with a +0 mace.
* * * LOW HITPOINT WARNING * * *
You feel yourself speed up.
The gargoyle hurls a stone arrow at you.
The stone arrow hits you!!
You die...

#.##8.. #.#8...
#.#[.?. .#/.CO #.
#8... #.## #8..
####### #...
#..##++##.')#.# ...
#....[...#@.# #.
#.#..###.#.## # #
#...###..##9...# .#
###.......######..#
#### #####..........#
#...
##.####.######.###..#
...# #..............
#.####
###.#######.... # #.#
#....


You could see a gargoyle.

Vanquished Creatures
  A two-headed ogre (D:5)
  Pikel (D:4)
  Sigmund (D:3)
  Eustachio (D:4)
  2 water moccasins
  A black bear (D:5)
  2 centaurs
  3 ogres
  3 phantoms
  A bullfrog (D:6)
  2 scorpions (D:5)
  7 hounds
  2 centaur skeletons (D:6)
  An orc priest (D:6)
  Crazy Yiuf (D:4)
  Jessica (D:3)
  A bullfrog skeleton (D:3)
  6 iguanas
  Ijyb (D:3)
  Terence (D:2)
  An orc wizard (D:4)
  Natasha (thrice) (D:4)
  A killer bee zombie (D:5)
  Robin (D:2)
  6 river rats
  9 adders
  A white imp (D:6)
  An ufetubus (D:4)
  3 worms
  A dart slug (D:4)
  11 orcs
  11 endoplasms
  4 giant cockroaches
  18 goblins
  6 hobgoblins
  5 jackals
  6 kobolds
  9 quokkas
  13 ball pythons
  9 bats
  4 frilled lizards
  7 rats
169 creatures vanquished.

Vanquished Creatures (others)
  5 plants (D:2)
5 creatures vanquished.

Grand Total: 174 creatures vanquished

Notes
Turn   | Place    | Note
-------+----------+-------------------------------------------
     0 | D:1      | Infinimo the Gargoyle Berserker began the quest for the
                  | Orb.
     0 | D:1      | Reached XP level 1. HP: 14/14 MP: 1/1
   407 | D:1      | Reached XP level 2. HP: 19/19 MP: 2/2
   800 | D:1      | Reached XP level 3. HP: 20/23 MP: 3/3
   882 | D:1      | Reached ** piety under Trog
  1348 | D:2      | Found a faded altar of an unknown god.
  1430 | D:2      | Noticed Robin
  1532 | D:2      | Noticed Terence
  1541 | D:2      | Killed Terence
  1542 | D:2      | Reached skill level 4 in Maces & Flails
  1542 | D:2      | Reached XP level 4. HP: 29/29 MP: 4/4
  1593 | D:2      | Killed Robin
  2239 | D:3      | Noticed a water moccasin
  2251 | D:3      | Killed a water moccasin
  2252 | D:3      | Reached XP level 5. HP: 32/34 MP: 5/5
  2278 | D:3      | Noticed Jessica
  2304 | D:3      | Killed Jessica
  2305 | D:3      | Reached skill level 5 in Maces & Flails
  2305 | D:3      | Reached XP level 6. HP: 31/39 MP: 6/6
  2384 | D:3      | Found a glowing drain.
  2398 | Sewer    | Entered a sewer
  3508 | D:3      | Noticed Sigmund
  3527 | D:3      | Killed Sigmund
  3528 | D:3      | Reached skill level 5 in Fighting
  3528 | D:3      | Reached skill level 6 in Maces & Flails
  3528 | D:3      | Reached XP level 7. HP: 16/44 MP: 7/7
  3729 | D:3      | Noticed Ijyb
  3740 | D:3      | Paralysed by Ijyb for 5 turns
  3762 | D:3      | Killed Ijyb
  3773 | D:3      | Identified the ring of the Archfiend {rCorr Int+2 Stlth+}
  3789 | D:3      | Reached *** piety under Trog
  4336 | D:4      | Found a runed translucent door.
  4337 | D:4      | Noticed Crazy Yiuf
  4617 | D:4      | Noticed Natasha
  4626 | D:4      | Killed Natasha
  4627 | D:4      | Reached skill level 5 in Armour
  4645 | D:4      | Noticed Eustachio
  4697 | D:4      | Killed Eustachio
  4698 | D:4      | Reached skill level 7 in Maces & Flails
  4698 | D:4      | Reached XP level 8. HP: 13/51 MP: 8/8
  5068 | D:4      | Noticed Natasha
  5075 | D:4      | Killed Natasha
  5394 | D:4      | Noticed Pikel
  5416 | D:4      | Killed Pikel
  5417 | D:4      | Reached skill level 8 in Maces & Flails
  5757 | D:4      | Noticed Natasha
  5766 | D:4      | Killed Natasha
  5888 | D:4      | Killed Crazy Yiuf
  5965 | D:5      | Entered Level 5 of the Dungeon
  5973 | D:5      | Reached XP level 9. HP: 56/56 MP: 9/9
  6083 | D:5      | Found a staircase to the Ecumenical Temple.
  6501 | D:5      | Noticed a two-headed ogre
  6508 | D:5      | Killed a two-headed ogre
  6509 | D:5      | Reached skill level 9 in Maces & Flails
  6780 | D:5      | Found Zin's Purification Station.
  6780 | D:5      | Found a glowing silver altar of Zin.
  6793 | D:5      | Bought 2 potions of curing for 180 gold pieces
  7514 | D:6      | Identified the +8 falchion of the People {vorpal, *Slow
                  | rElec Will+ Dex+4}
  7835 | D:6      | Reached skill level 10 in Maces & Flails
  8052 | D:6      | Found a hazy altar of Hepliaklqana.
  8166 | D:6      | Found a large runed translucent door.
  8166 | D:6      | Found a large runed translucent door.
  8168 | D:6      | Noticed a cyclops
  8168 | D:6      | Found the +18 shield of the Gong {rElec rN+ Will+ EV-5}
  8183 | D:6      | Reached XP level 10. HP: 64/64 MP: 10/10
  8212 | D:6      | Noticed a gargoyle
  8221 | D:6      | Killed from afar by a gargoyle

Illustrated notes

Levels and vault maps discovered:
D:1:      ncdulo_smallfort, layout_basic, ebering_dispersal_statue_hall
D:2:      wad_lake_hut, layout_basic, serial_corexii_hall,
          corexii_hall_statues_i, corexii_hall_statues_l,
          chequers_ecumenical_altar_simple_redux, uniq_terence, uniq_robin
D:3:      layout_basic, cheibrodos_sewer_entry_sluice, st_stairs_6, uniq_ijyb,
          uniq_sigmund, uniq_jessica
D:4:      layout_gridville, uniq_natasha, uniq_eustachio,
          uniq_crazy_yiuf_cottage, uniq_pikel
D:5:      layout_basic, zin_purify, minmay_temple_entry_statues_fountains,
          chequers_serial_rivers_large_a
D:6:      layout_loops_ring, mainiacjoe_overflow_boulevard,
          minmay_misc_feat_four_crosses, minmay_hollow_rounded_squares

Skill      XL: |  1  2  3  4  5  6  7  8  9 |
---------------+----------------------------+-----
Maces & Flails | 4 5 6 7 8 10 | 10.4
Armour         | 3 4 5 6 7 |  7.9
Fighting       | 4 5 6 8 |  8.3
Dodging        | |  1.5

Action                   |  1- 3 |  4- 6 |  7- 9 | 10-12 || total
-------------------------+-------+-------+-------+-------++-------
Melee: Mace              |   110 |   200 |   283 |    19 ||   612
       Punch             |       |     1 |     6 |       ||     7
Invok: Berserk           |     2 |    10 |    21 |       ||    33
  Use: Scroll            |       |     3 |       |       ||     3
       Potion            |       |       |     1 |     2 ||     3
Armor: Chain mail        |    74 |   173 |   231 |    21 ||   499
Dodge: Dodged            |    37 |   144 |   128 |    10 ||   319
